 Dungeon Crawl Stone Soup version 0.31.0-9-g3a7656b989 (webtiles) character file.

Game seed: 5670318000176441289

291 qw the Markself (level 6, 0/35 HPs)
             Began as a Deep Elf Hunter on Feb 2, 2024.
             Incinerated by a bombardier beetle (4 damage)
             ... with a burning spray
             ... on level 3 of the Dungeon.
             The game lasted 00:00:07 (2257 turns).

qw the Markself (Deep Elf Hunter)                   Turns: 2257, Time: 00:00:08

Health: 0/35       AC:  6    Str: 10    XL:     6   Next: 10%
Magic:  8/8        EV: 11    Int: 14    God:
Gold:   80         SH:  0    Dex: 18    Spells: 5/5 levels left

rFire   . . .        a - +0 shortbow
rCold   . . .        (shield currently unavailable)
rNeg    . . .        i - +1 ring mail
rPois   .            (no helmet)
rElec   .            (no cloak)
rCorr   .            (no gloves)
SInv    .            (no boots)
Will    .....        (no amulet)
Stlth   +            (no ring)
HPRegen 0.25/turn    (no ring)
MPRegen 0.11/turn

%: no passive effects
@: on fire, glowing
A: no striking features
a: no special abilities


You were on level 3 of the Dungeon.
You visited 1 branch of the dungeon, and saw 3 of its levels.

You collected 80 gold pieces.


   Skills:
 + Level 1.9 Fighting
 - Level 16.2 Ranged Weapons
 - Level 2.4 Dodging
 - Level 1.2 Stealth


You had 5 spell levels left.
You didn't know any spells.
Your spell library was empty.

Inventory:

Hand Weapons
 a - a +0 shortbow (weapon)
Armour
 e - a +0 pair of gloves
 i - a +1 ring mail (worn)
 k - the +0 leather armour of the Pit {rCorr Slay+2}
   (You found it on level 3 of the Dungeon)

   Slay+2:    It affects your accuracy & damage with ranged weapons and melee
   (+2).
   rCorr:     It protects you from acid and corrosion.
Scrolls
 l - a scroll of teleportation {unknown}
 m - a scroll of identify
 o - a scroll of blinking {unknown}
Potions
 b - 3 potions of curing {unknown}
 c - 3 potions of enlightenment {unknown}
 d - a potion of might {unknown}
 f - a potion of berserk rage {unknown}
 g - a potion of lignification {unknown}
 h - a potion of cancellation {unknown}
 j - 2 potions of brilliance {unknown}
 n - a potion of attraction {unknown}

Dungeon Overview and Level Annotations

Branches:
Dungeon (3/15)

Altars:
Gozag


Message History

You shoot an arrow.
The arrow barely misses the bombardier beetle.
The bombardier beetle sprays incendiary fluid at you.
The burning spray hits you.
You are covered in liquid fire!
You shoot an arrow.
The arrow barely misses the bombardier beetle.
The liquid fire burns you!
You shoot an arrow.
The arrow hits the bombardier beetle but does no damage.
The bombardier beetle is lightly wounded.
The liquid fire burns you!
You shoot an arrow. The arrow hits the bombardier beetle!
The bombardier beetle is heavily wounded.
The liquid fire burns you!
You shoot an arrow.
The arrow hits the bombardier beetle but does no damage.
The bombardier beetle is heavily wounded.
The liquid fire burns you!
You shoot an arrow.
The arrow hits the bombardier beetle but does no damage.
The bombardier beetle is heavily wounded.
The liquid fire burns you!
You shoot an arrow.
The arrow hits the bombardier beetle but does no damage.
The bombardier beetle is heavily wounded.
The liquid fire burns you!
You shoot an arrow.
The arrow hits the bombardier beetle but does no damage.
The bombardier beetle is heavily wounded.
The liquid fire burns you!
You shoot an arrow. The arrow hits the bombardier beetle!
You kill the bombardier beetle!
The liquid fire burns you!
You have reached level 6!
You are on fire!
The liquid fire burns you!
You are on fire!
The liquid fire burns you!
You die...

###.# #.~..#...# ###.# #...##
##.~......## .##.# #.....
.##.~........ .##.# #....# ..
#.~..|..... ....# ....##.
#.~.~...... .)..### #####+.....
...~##.....# ......# #~~~~# ...
...........## ##.##.# #...~# #.#
########...# ...##.# #...~# #@#
##.## #####.# #...~# #.# #.#
#.###...~# #.# #+## #.#.'#####
#.# ##...## #.#.## #.####
##.....# # ##....# #.##.##
##.......
####.....#######.#...####........
'.....................<.'........
#.##....########.#...####........


There were no monsters in sight!

Vanquished Creatures
  A bombardier beetle (D:3)
  Jessica (D:2)
  4 adders (D:2)
  A dart slug (D:3)
  A ribbon worm (D:3)
  4 ball pythons
  4 endoplasms
  4 giant cockroaches
  6 goblins
  9 hobgoblins
  6 jackals (D:1)
  3 quokkas
  9 bats
  2 frilled lizards
  9 kobolds
  8 rats
72 creatures vanquished.

Notes
Turn   | Place    | Note
-------+----------+-------------------------------------------
     0 | D:1      | qw the Deep Elf Hunter began the quest for the Orb.
     0 | D:1      | Reached XP level 1. HP: 12/12 MP: 3/3
     0 | D:1      | 0 ||| qw: Version: 0.3-a-155-g5e7d8dd
     0 | D:1      | 0 ||| qw: Game counter: 85
     0 | D:1      | 0 ||| qw: Melee chars always use a shield: true
     0 | D:1      | 0 ||| qw: God list: Okawaru
     0 | D:1      | 0 ||| qw: Allow faded altars: false
     0 | D:1      | 0 ||| qw: Do Orc after clearing Dungeon:15 true
     0 | D:1      | 0 ||| qw: Do second Lair branch before Depths: true
     0 | D:1      | 0 ||| qw: Lair rune preference: random
     0 | D:1      | 0 ||| qw: Goals: Normal
     0 | D:1      | 0 ||| PLANNING D:1-11
   144 | D:1      | Reached XP level 2. HP: 16/16 MP: 4/4
   147 | D:1      | Reached skill level 6 in Ranged Weapons
   177 | D:1      | 177 ||| RETREEEEATING.
   178 | D:1      | 178 ||| RETREEEEATING.
   448 | D:1      | Reached XP level 3. HP: 20/20 MP: 5/5
   686 | D:1      | Reached skill level 7 in Ranged Weapons
   878 | D:1      | 878 ||| DROPPING scarf of harm.
   879 | D:1      | 879 ||| UPGRADING to +0 ring mail.
   889 | D:1      | 889 ||| DROPPING +0 leather armour.
   890 | D:1      | 890 ||| READING scroll labelled OSHANA FYJIBRY.
   890 | D:1      | 890 ||| ENCHANTING +0 ring mail.
   891 | D:1      | 891 ||| DROPPING scroll of butterflies.
  1082 | D:2      | Reached XP level 4. HP: 21/25 MP: 6/6
  1192 | D:2      | Noticed Jessica
  1196 | D:2      | Killed Jessica
  1263 | D:2      | Reached skill level 8 in Ranged Weapons
  1547 | D:2      | 1547 ||| READING scroll labelled BUGYJE WIECKEE.
  1648 | D:2      | 1648 ||| READING scroll labelled NOYSAK POAMNUG.
  1648 | D:2      | 1648 ||| IDENTIFYING fuming coppery potion
  1649 | D:2      | 1649 ||| DRINKING potion of experience.
  1649 | D:2      | Reached skill level 16 in Ranged Weapons
  1649 | D:2      | Reached XP level 5. HP: 29/29 MP: 7/7
  1663 | D:3      | Found an opulent altar of Gozag.
  1783 | D:3      | Identified the +0 leather armour of the Pit {rCorr Slay+2}
  2255 | D:3      | HP: 7/30 [burnt (1)]
  2256 | D:3      | Reached XP level 6. HP: 8/35 MP: 8/8
  2257 | D:3      | Incinerated by a bombardier beetle

Levels and vault maps discovered:
D:1:      minmay_arrival_plants_in_alcoves, layout_loops_ring, st_stairs_6
D:2:      layout_basic, uniq_jessica
D:3:      minmay_chambers_of_threes, layout_loops_corners,
          mainiacjoe_overflow_chevrons, serial_rivers,
          chequers_serial_rivers_micro_a, chequers_serial_rivers_micro_d,
          chequers_serial_rivers_micro_e, chequers_serial_rivers_room_a,
          chequers_serial_rivers_micro_c

Skill      XL: |  1  2  3  4 |
---------------+-------------+-----
Ranged Weapons | 6 7 16 | 16.2
Fighting       | |  1.9
Dodging        | |  2.4
Stealth        | |  1.2

Action                     |  1- 3 |  4- 6 || total
---------------------------+-------+-------++-------
   Fire: Shortbow          |   132 |    69 ||   201
    Use: Scroll            |     1 |     2 ||     3
         Potion            |       |     1 ||     1
 Armour: Leather armour    |    34 |       ||    34
         Ring mail         |    14 |    11 ||    25
  Dodge: Dodged            |    55 |     7 ||    62

Table legend:
 A = Non-vault XP
 B = Vault XP
 C = Vault XP percentage of total XP
 D = Non-vault monster count
 E = Vault monster count
 F = Vault count percentage of total count
                 A         B        C        D         E       F
            +---------+---------+-------+---------+---------+-------
      Total |     210 |      39 |  15.7 |      70 |       2 |   2.8
            +---------+---------+-------+---------+---------+-------
        D:1 |      61 |       2 |   3.2 |      36 |       1 |   2.7
        D:2 |      78 |      37 |  32.2 |      21 |       1 |   4.5
        D:3 |      71 |       0 |   0.0 |      13 |       0 |   0.0
            +---------+---------+-------+---------+---------+-------
